 Dungeon Sprint DCSS version 0.26-a0-835-g8259106e14 (webtiles) character file.

Game seed: 13875234059395987969

224 sahdkjhfkaj the Destroyer (level 6, 0/32 HPs)
             Began as a Tengu Conjurer on Nov 18, 2020.
             Was a High Priest of Cheibriados.
             Slain by Duvessa
             ... wielding a +0 short sword
              (6 damage)
             ... in the Dungeon (Sprint VII: "The Pits").
             The game lasted 00:04:57 (686 turns).

sahdkjhfkaj the Destroyer (Tengu Conjurer)           Turns: 686, Time: 00:04:57

Health: 0/32       AC:  2    Str: 20    XL:     6   Next: 0%
Magic:  0/14       EV: 20    Int: 32    God:    Cheibriados [*****.]
Gold:   0          SH:  0    Dex: 24    Spells: 12/15 levels left

rFire    . . .     SeeInvis .   (no weapon)
rCold    . . .     Faith    .   (no shield)
rNeg     . . .     Spirit   .   a - +0 robe
rPois    .         Reflect  .   (helmet restricted)
rElec    .         Harm     .   (no cloak)
rCorr    .         Rampage  .   (no gloves)
MR       .....     NoTele   +   (boots unavailable)
Stlth    +++.......             (no amulet)
HPRegen  0.10/turn              (no ring)
MPRegen  0.14/turn              (no ring)

@: flying quickly and evasively, very slow
A: beak, talons 3, able to fly
a: Stop Flying, Bend Time, Temporal Distortion, Slouch, Step From Time, Renounce
Religion


You were in the Dungeon.
You worshipped Cheibriados.
Cheibriados was extremely pleased with you.
You visited 1 branch

Inventory:

Armour
 a - a +0 robe (worn)
Scrolls
 h - a scroll of blinking {!r}
 i - 3 scrolls of remove curse {!r}
 j - 5 scrolls of amnesia {!r}
 k - a scroll of summoning {!r}
Potions
 b - 2 potions of invisibility {!q}
 c - 6 potions of curing {!q}
 d - 6 potions of heal wounds {!q}
 e - a potion of haste {!q}
 f - 4 potions of magic {!q}
 g - 3 potions of berserk rage {!q}


   Skills:
 - Level 0.4 Armour
 - Level 5.0 Dodging
 - Level 2.0 Stealth
 - Level 5.0 Spellcasting
 - Level 8.0 Conjurations
 + Level 4.1 Transmutations
 - Level 4.0 Invocations
 - Level 5.0 Evocations


You had 12 spell levels left.
You knew the following spells:

 Your Spells              Type           Power        Failure   Level
a - Magic Dart            Conj           ####         1%          1
b - Searing Ray           Conj           ######       1%          2

Your spell library contained the following spells:

 Spells                   Type           Power        Failure   Level
 Dazzling Flash           Conj/Hex       ####..       3%          3
 Fulminant Prism          Conj/Hex       ####......   10%         4
 Iskenderun's Mystic Bla  Conj/Tloc      ####....     10%         4


Dungeon Overview and Level Annotations

Branches:
Dungeon (1/1)

Altars:
Ashenzari
Cheibriados
Dithmenos
Elyvilon
Fedhas
Gozag
Hepliaklqana
Kikubaaqudgha
Makhleb
Nemelex Xobeh
Okawaru
Qazlal
Ru
Sif Muna
Trog
Uskayaw
Vehumet
Wu Jian
Xom
Yredelemnul
Zin
The Shining One
Beogh
Jiyva
Lugonu

Annotations:
D Duvessa


Innate Abilities, Weirdness & Mutations

You have a beak for a mouth.
You have claws for feet.
You can fly continuously.


Message History

Duvessa is almost dead.
The searing ray hits the gnoll!
You kill the gnoll!
Cheibriados appreciates the change of pace. (Press . to maintain the ray.) Duvessa misses you.
Duvessa barely misses you.
Your Transmutations skill increases to level 4!
You have reached level 6!
Your experience leads to an increase in your attributes!
Your base attributes are Str 8, Int 19, Dex 12.
Increase (S)trength, (I)ntelligence, or (D)exterity?
You feel clever.
The searing ray hits Duvessa.
Duvessa is almost dead.
Duvessa hits you with a +0 short sword!
* * * LOW HITPOINT WARNING * * *
The searing ray hits Duvessa.
Duvessa is almost dead.
Duvessa completely misses you. Duvessa hits you with a +0 short sword.
You die...

#...........).....
#'#####)#####.....
#.#...#.#..##.....
#.#...#.#))#####'#
#.#...'.#))##.....
#.##'####))##.....
#.#.†.).#[[##.....
#.#.....#'###...<.
#@#........##.....
#e#........##.....
#)###########.....
#...gg.g# ######
#...ggb.#
#...#...# #..##
..# #... .# #... #


You could see Duvessa (berserk).

Vanquished Creatures
  An ogre (D)
  Dowan (D)
  Terence (D)
  An iguana (D)
  A gnoll (D)
  An adder (D)
  A river rat (D)
  A leopard gecko (D)
  2 orcs (D)
  A ball python (D)
  A hobgoblin (D)
  2 bats (D)
  A quokka skeleton (D)
15 creatures vanquished.

Notes
Turn   | Place    | Note
-------+----------+-------------------------------------------
     0 | D        | sahdkjhfkaj the Tengu Conjurer began the quest for the Orb.
     0 | D        | Reached XP level 1. HP: 10/10 MP: 4/4
    14 | D        | Reached skill level 6 in Conjurations
    39 | D        | Found a bloodstained altar of Trog.
    39 | D        | Found a shimmering blue altar of Sif Muna.
    39 | D        | Found a viscous altar of Jiyva.
    39 | D        | Found a hazy altar of Hepliaklqana.
    39 | D        | Found an opulent altar of Gozag.
    40 | D        | Found a glowing golden altar of the Shining One.
    40 | D        | Found a glowing silver altar of Zin.
    40 | D        | Found a basalt altar of Yredelemnul.
    40 | D        | Found a shimmering altar of Xom.
    40 | D        | Found an ornate altar of the Wu Jian Council.
    40 | D        | Found a sacrificial altar of Ru.
    40 | D        | Found a stormy altar of Qazlal.
    40 | D        | Found an iron altar of Okawaru.
    40 | D        | Found a sparkling altar of Nemelex Xobeh.
    40 | D        | Found a burning altar of Makhleb.
    40 | D        | Found a blossoming altar of Fedhas.
    40 | D        | Found a white marble altar of Elyvilon.
    40 | D        | Found a shadowy altar of Dithmenos.
    40 | D        | Found a snail-covered altar of Cheibriados.
    41 | D        | Found a radiant altar of Vehumet.
    41 | D        | Found a corrupted altar of Lugonu.
    41 | D        | Found a roughly hewn altar of Beogh.
    42 | D        | Found a hide-covered altar of Uskayaw.
    42 | D        | Found an ancient bone altar of Kikubaaqudgha.
    42 | D        | Found a broken altar of Ashenzari.
    48 | D        | Became a worshipper of Cheibriados the Contemplative
    85 | D        | Reached * piety under Cheibriados
   131 | D        | Reached ** piety under Cheibriados
   132 | D        | Reached skill level 7 in Conjurations
   140 | D        | Reached XP level 2. HP: 2/15 MP: 0/6
   394 | D        | Learned a level 2 spell: Searing Ray
   397 | D        | Reached *** piety under Cheibriados
   437 | D        | Noticed Terence
   440 | D        | Reached XP level 3. HP: 19/19 MP: 5/10
   485 | D        | Killed Terence
   485 | D        | Reached **** piety under Cheibriados
   486 | D        | Reached skill level 5 in Spellcasting
   486 | D        | Reached skill level 1 in Invocations
   570 | D        | Noticed a gnoll sergeant
   570 | D        | Noticed an ogre
   578 | D        | Reached skill level 8 in Conjurations
   578 | D        | Reached XP level 4. HP: 24/24 MP: 7/12
   578 | D        | Killed an ogre
   578 | D        | Noticed Dowan
   579 | D        | Reached skill level 5 in Evocations
   579 | D        | Reached skill level 5 in Dodging
   579 | D        | Reached skill level 1 in Transmutations
   579 | D        | Gained mutation: You can fly continuously. [Tengu growth]
   579 | D        | Reached XP level 5. HP: 28/28 MP: 6/13
   655 | D        | Reached ***** piety under Cheibriados
   674 | D        | Noticed Duvessa
   678 | D        | Killed Dowan
   685 | D        | Reached XP level 6. HP: 20/32 MP: 2/14
   686 | D        | Slain by Duvessa

Illustrated notes

Levels and vault maps discovered:
D:        pitsprint [storerooms_1, entrance_room_1, metal_vault_5, armoury_1,
          mini_pit_1, grid_room_1, main_hall_1, silver_pit, the_coven_1,
          the_vestibule_1, steel_vault_5, golden_pit, hallway_of_sentries,
          crystal_vault_4, iron_vault_3, final_vault]

Skill      XL: |  1  2  3  4  5 |
---------------+----------------+-----
Conjurations   | 7 8 |  8.0
Spellcasting   | 4 5 |  5.0
Invocations    | 1 3 4 |  4.0
Evocations     | 3 5 |  5.0
Dodging        | 3 5 |  5.0
Transmutations | 1 4 |  4.1
Armour         | |  0.4
Stealth        | |  2.0

Action                   |  1- 3 |  4- 6 || total
-------------------------+-------+-------++-------
Melee: Unarmed           |     1 |    15 ||    16
 Cast: Magic Dart        |    11 |     2 ||    13
       Searing Ray       |     4 |     3 ||     7
 Abil: Fly               |       |     1 ||     1
Armor: Robe              |     3 |       ||     3
       Skin              |       |     2 ||     2
Dodge: Dodged            |     7 |    14 ||    21

Table legend: (Time is in decaauts)
 A = Elapsed time spent in this place.
 B = Non-inter-level travel time spent in this place.
 C = Inter-level travel time spent in this place.
 D = Time resting spent in this place.
 E = Time spent auto-exploring this place.
 F = Levels seen in this place.
 G = Mean time per level.
                   A        B        C        D        E       F      G
               +--------+--------+--------+--------+--------+-----+--------+
         Total |    748 |    711 |     37 |    479 |      0 |   1 |  748.0 |
       Dungeon |    748 |    711 |     37 |    479 |      0 |   1 |  748.0 |
               +--------+--------+--------+--------+--------+-----+--------+

Top non-repeatable levels by time:
       D: 748 daAuts
